 Dungeon Crawl Stone Soup version 0.29.1-1-gd02db6906a (webtiles) character file.

Game seed: 11628936670688793833

1210 QueenGhuleh the Chopper (level 8, -3/108 (114) HPs)
             Began as a Naga Berserker on Sept 20, 2022.
             Was a Priest of Trog.
             Slain by a wight
             ... wielding a +2 scimitar of protection
              (8 damage)
             ... on level 6 of the Dungeon on Sept 21, 2022.
             The game lasted 00:15:21 (5603 turns).

QueenGhuleh the Chopper (Naga Berserker)            Turns: 5603, Time: 00:15:22

HP:   -3/108 (114)  AC: 16    Str: 21    XL:     8   Next: 45%
MP:   8/8           EV:  4    Int:  9    God:    Trog [***...]
Gold: 328           SH:  0    Dex: 10    Spells: 7/7 levels left

rFire   . . .      SeeInvis +   u - +3 flail (protect)
rCold   . . .      Faith    .   (no shield)
rNeg    . . .      Spirit   .   p - +0 plate armour
rPois   +          Reflect  .   (no helmet)
rElec   .          Harm     .   (no cloak)
rCorr   .          Rampage  .   (no gloves)
Will    +....                   (no barding)
Stlth   ..........              (no amulet)
HPRegen 0.28/turn               (no ring)
MPRegen 0.11/turn               (no ring)

@: berserking (expiring), under a protective aura, drained, quick
A: AC +2, large, see invisible, deformed body, poison resistance, slowness 2,
spit poison 1, naga tail 1
a: Spit Poison, Renounce Religion, Berserk, Trog's Hand


You were on level 6 of the Dungeon.
You worshipped Trog.
Trog was most pleased with you.
You visited 1 branch of the dungeon, and saw 6 of its levels.

You collected 328 gold pieces.

Inventory:

Hand Weapons
 a - a +0 hand axe
 u - a +3 flail of protection (weapon)
Armour
 p - a +0 plate armour (worn)
Wands
 w - a wand of polymorph (9)
Scrolls
 c - 6 scrolls of teleportation {unknown}
 e - a scroll of noise {unknown}
 f - a scroll of poison {unknown}
 g - a scroll of enchant armour {unknown}
 h - 4 scrolls of identify {unknown}
 k - a scroll of silence {unknown}
 l - 2 scrolls of butterflies {unknown}
 q - a scroll of magic mapping {unknown}
 s - a scroll of enchant weapon {unknown}
 t - 2 scrolls of fear {unknown}
 v - a scroll of vulnerability {unknown}
Potions
 b - 3 potions of curing
 d - 2 potions of heal wounds {unknown}
 i - a potion of flight {unknown}
 j - a potion of mutation {unknown}
 m - a potion of cancellation {unknown}
 n - a potion of degeneration {unknown}
 o - a potion of lignification {unknown}
 r - a potion of brilliance {unknown}


   Skills:
 + Level 5.6 Fighting
 + Level 6.0(6.2) Axes
 + Level 2.0(4.3) Maces & Flails
 + Level 5.1 Armour
 + Level 2.0 Dodging
 + Level 2.1 Stealth


You had 7 spell levels left.
You didn't know any spells.
Your spell library was empty.

Dungeon Overview and Level Annotations

Branches:
Dungeon (6/15)             Temple (0/1) D:4

Altars:
Fedhas
Zin


Innate Abilities, Weirdness & Mutations

Your serpentine skin is tough. (AC +2)
You have supernaturally acute eyesight. (SInv)
Armour fits poorly on your strangely shaped body.
Your system is resistant to poisons. (rPois)
You cover ground very slowly.
You can spit poison.
You have a snake-like lower body.


Message History

Your punch misses the wight.
The wight is severely damaged.
The wight closely misses you.
The wight hits you with a +2 scimitar of protection.
The wight hits you but does no damage. x3
You hit the wight.
You destroy the wight!
Trog accepts your kill.
The wight hits you from afar with a +0 trident.
The wight hits you with a +2 scimitar of protection.
* * * LOW HITPOINT WARNING * * *
The wight hits you with a +2 falchion.
* * * LOW HITPOINT WARNING * * *
You feel drained.
* * * LOW HITPOINT WARNING * * *
The wight hits you but does no damage.
Your Armour skill increases to level 5!
The wight hits you but does no damage. The wight completely misses you.
The wight hits you but does no damage.
Things that are here:
a +3 war axe of freezing; a +0 robe You feel a strong urge to attack something.
The wight hits you but does no damage. x2
You thump the wight!
The wight is severely damaged.
You sock the wight!
You destroy the wight!
Trog accepts your kill. The wight barely misses you.
The wight hits you with a +2 scimitar of protection.
* * * LOW HITPOINT WARNING * * *
You barely miss the wight.
The wight hits you with a +2 scimitar of protection!
* * * LOW HITPOINT WARNING * * *
The wight barely misses you. The wight hits you with a +0 trident.
* * * LOW HITPOINT WARNING * * *
You feel drained.
You closely miss the wight. The wight hits you but does no damage.
The wight hits you with a +2 scimitar of protection!
You die...

## ..# ##. #..#
###... #..#
####....# #..###
###.....##
#...###...#....##
#....###......#
#..### #zz....#
##..## #@z....#
###....#
#.......#
##......#
#.......#
##.......#
#.......#
##........#
#########
#......#..#
##<....##...#
#.....## ...#
#....## ...#


You could see 3 wights.

Vanquished Creatures
  Edmund (D:5)
  A water moccasin (D:5)
  A black bear (D:5)
  An ice beast (D:5)
  An ogre (D:3)
  3 phantoms
  2 scorpions (D:5)
  2 wights (D:6)
  An orc priest (D:3)
  An iguana (D:5)
  2 orc wizards
  Robin (D:2)
  5 adders
  A white imp (D:5)
  3 dart slugs
  13 orcs
  8 bats
  5 endoplasms
  4 giant cockroaches
  21 goblins
  8 hobgoblins
  9 jackals
  A quokka (D:4)
  5 ball pythons
  A frilled lizard (D:1)
  7 kobolds
  4 rats
112 creatures vanquished.

Notes
Turn   | Place    | Note
-------+----------+-------------------------------------------
     0 | D:1      | QueenGhuleh the Naga Berserker began the quest for the Orb.
     0 | D:1      | Reached XP level 1. HP: 21/21 MP: 1/1
   139 | D:1      | Reached XP level 2. HP: 25/28 MP: 2/2
   560 | D:1      | Found a faded altar of an unknown god.
  1025 | D:2      | Reached XP level 3. HP: 34/34 MP: 3/3
  1040 | D:2      | Reached ** piety under Trog
  1263 | D:2      | Noticed Robin
  1275 | D:2      | HP: 1/51 [Robin/+0 mace (6)]
  1277 | D:2      | Killed Robin
  1278 | D:2      | Reached XP level 4. HP: 2/42 MP: 4/4
  2175 | D:3      | Reached skill level 4 in Axes
  2384 | D:3      | Identified the +5 short sword "Duacy" {freeze, Dex+3}
  2414 | D:3      | Reached XP level 5. HP: 28/49 MP: 5/5
  3069 | D:3      | Found a glowing silver altar of Zin.
  3089 | D:3      | Found a blossoming altar of Fedhas.
  3208 | D:3      | Noticed an ogre
  3216 | D:3      | Reached *** piety under Trog
  3218 | D:3      | Killed an ogre
  3219 | D:3      | Reached XP level 6. HP: 57/57 MP: 6/6
  3468 | D:4      | Found a staircase to the Ecumenical Temple.
  3492 | D:4      | Reached skill level 1 in Stealth
  3921 | D:4      | Reached skill level 5 in Axes
  4380 | D:4      | Identified the +2 pair of gloves "Funeink" {*Slow rElec
                  | rPois}
  4478 | D:4      | Reached XP level 7. HP: 64/64 MP: 7/7
  4558 | D:5      | Entered Level 5 of the Dungeon
  4558 | D:5      | Noticed Edmund
  4584 | D:5      | Killed Edmund
  4791 | D:5      | Reached skill level 5 in Fighting
  4905 | D:5      | Reached XP level 8. HP: 41/74 MP: 8/8
  4915 | D:5      | Reached skill level 1 in Maces & Flails
  4920 | D:5      | Reached skill level 6 in Axes
  5598 | D:6      | Reached skill level 5 in Armour
  5602 | D:6      | HP: 4/109 [wight/+0 trident (4)]
  5603 | D:6      | Slain by a wight

Illustrated notes

Levels and vault maps discovered:
D:1:      lemuel_arrival_room, layout_loops_ring, basic_ecumenical_altar,
          minmay_small_reverse_x
D:2:      layout_loops_ring, minmay_fountain_box, st_stairs_8, uniq_robin
D:3:      layout_loops_ring, chequers_temple_overflow_statue_of_worship,
          glass_columns_a, grunt_ministairs_4, minmay_ogre_servants
D:4:      layout_loops_corners, minmay_temple_entry_arrows
D:5:      layout_rooms, uniq_edmund
D:6:      layout_cave_pods, grunt_temple_overflow_open, uniq_duvessa

Skill      XL: |  1  2  3  4  5  6  7  8 |
---------------+-------------------------+-----
Armour         | 2 3 4 5 |  5.1
Axes           | 4 5 6 |  6.0
Fighting       | 4 5 |  5.6
Stealth        | 1 2 |  2.1
Dodging        | 2 |  2.0
Maces & Flails | 2 |  2.0

Action                   |  1- 3 |  4- 6 |  7- 9 || total
-------------------------+-------+-------+-------++-------
Melee: Hand axe          |    79 |   185 |    44 ||   308
       Punch             |       |     3 |     1 ||     4
       Flail             |       |       |    59 ||    59
Invok: Berserk           |     1 |     3 |     3 ||     7
 Stab: Distracted        |     1 |       |       ||     1
Armor: Animal skin       |    12 |       |       ||    12
       Ring mail         |    23 |     5 |       ||    28
       Plate armour      |       |   130 |   137 ||   267
Dodge: Dodged            |    45 |    56 |    27 ||   128
